Map: Neon Violet Square LE

Players

axu - Winner!

  • Race: Protoss Protoss
  • League: Platinum
  • Spawn Location: 11:00

Lubert

  • Race: Terran Terran
  • League: Platinum
  • Spawn Location: 5:00

VOD

Have the link to the VOD?

Description

Time

  • Played on: March 22, 2018, 1:12 p.m.
  • Length: 8:08
Show
View Real Time Build Order
Export as new Build Order

axu Protoss - Winner!

Build Orders: 1 Gate Expand 

Get SALT Encoding   

  12  0:02  Probe  
  13  0:14  Probe  
  13  0:20  Pylon  
  14  0:28  Probe  
  15  0:40  Gateway  
  15  0:41  Probe  
  16  0:48  Assimilator  
  16  0:53  Probe (Chrono Boost)  
  18  1:04  Probe (Chrono Boost)  
  18  1:09  Probe (Chrono Boost)  
  19  1:20  Probe  
  20  1:30  Nexus  
  20  1:39  Cybernetics Core  
  20  1:52  Probe  
  21  1:56  Assimilator  
  21  2:04  Probe  
  22  2:16  Probe  
  22  2:21  Pylon  
  23  2:23  Warp Gate (Chrono Boost)  
  23  2:28  Probe  
  23  2:38  Gateway  
  23  2:39  Stalker (Chrono Boost)  
  23  2:42  Gateway  
  25  2:44  Probe  
  25  2:45  Probe  
  27  2:55  Shield Battery  
  27  3:08  Probe x2  
  27  3:09  Stalker (Chrono Boost)  
  31  3:34  Pylon  
  26  3:48  Probe  
  26  3:49  Probe  
  26  3:54  Stalker x3  
  34  3:57  Pylon  
  34  4:01  Probe  
  35  4:07  Pylon  
  29  4:31  Stalker x2  
  29  4:32  Stalker  
  35  4:49  Probe  
  36  4:59  Probe  
  37  5:01  Stalker x2, Probe  
  42  5:23  Stalker  
  44  5:31  Stalker x2  
  48  5:53  Probe x2  
  50  6:05  Probe x2  
  52  6:17  Probe x2, Pylon  
  54  6:20  Robotics Facility  
  54  6:22  Assimilator, Pylon  
  54  6:26  Assimilator  
  54  6:35  Probe x2 (Chrono Boost)  
  56  6:45  Probe (Chrono Boost)  
  56  6:46  Probe (Chrono Boost)  
  58  6:50  Probe (Chrono Boost)  
  58  6:54  Stalker x3  
  65  7:21  Stalker  
  65  7:22  Stalker  
  69  7:32  Pylon  
  69  7:33  Forge  
  69  7:34  Pylon, Forge  
Show
View Real Time Build Order
Export as new Build Order

Lubert Terran 

Build Orders:  

Get SALT Encoding   

  12  0:00  SCV  
  13  0:14  SCV  
  13  0:18  Supply Depot  
  14  0:26  SCV  
  15  0:40  SCV  
  15  0:41  Barracks  
  16  0:58  Barracks, SCV  
  17  1:10  SCV  
  18  1:11  Refinery  
  18  1:22  SCV  
  19  1:27  Marine  
  20  1:35  Orbital Command  
  20  1:45  Marine  
  21  1:49  Marine  
  21  1:51  Barracks  
  22  2:00  SCV  
  23  2:10  Supply Depot  
  23  2:31  Marine x2, SCV  
  26  2:40  Marine  
  26  2:41  Command Center  
  27  2:48  Barracks  
  27  2:49  Marine x2  
  29  2:52  Supply Depot, SCV  
  30  3:01  Marine  
  31  3:13  Marine x2  
  32  3:22  Marine  
  33  3:31  Marine  
  34  3:40  Marine  
  34  3:49  Marine  
  34  3:53  Marine  
  33  3:58  Marine  
  33  3:59  Factory  
  33  4:07  Marine  
  33  4:11  Marine  
  33  4:16  Marine  
  31  4:24  Marine  
  31  4:31  Marine  
  31  4:34  Marine  
  32  4:42  Marine  
  32  4:47  Factory Tech Lab  
  32  4:49  Marine  
  32  4:50  SCV  
  32  4:51  Marine  
  32  4:52  Refinery  
  33  5:00  Marine  
  33  5:02  SCV  
  33  5:03  SCV  
  33  5:06  Marine  
  36  5:14  SCV  
  38  5:15  SCV  
  38  5:18  Marine  
  39  5:24  Marine  
  41  5:38  SCV  
  34  5:50  SCV  
  28  6:00  SCV  
  28  6:03  SCV  
  30  6:06  Barracks Reactor  
  30  6:07  Barracks  
  30  6:09  Supply Depot  
  30  6:12  SCV  
  30  6:15  SCV  
  32  6:25  SCV  
  33  6:26  Factory  
  33  6:27  SCV  
  34  6:33  Barracks  
  34  6:37  SCV  
  36  6:40  SCV  
  36  6:41  Bunker  
  36  6:43  Marine x2  
  38  6:49  SCV  
  38  6:52  SCV  
  40  7:00  Barracks Reactor  
  40  7:01  Marine x2, SCV  
  41  7:03  Barracks  
  41  7:04  SCV  
  42  7:10  Factory Tech Lab  
  38  7:19  Reaper  
  31  7:28  Marine  
  31  7:29  Marine  
Tags
 
Add a new tag
Caveats
  • Supply blocks, unpowered buildings, or Contaminate may cause inaccurate times.
  • Supply counts are checked every 10 seconds.